AoeStats
← persephone9

Black Forest

503383946Analyzed
2v2 RM · 1mo ago on Aug 31, 2026· 85m 40s· 4 players
Game mode
Random Map
Map size
Medium (4 player)
Population
200
Speed
Normal
Resources
Standard
Victory
Conquest
Starting age
Dark Age
Ending age
Imperial Age
RankedLock teamsTeams togetherTeam positionsShared explorationLock speedFull tech treeHidden civsTurbo modeCheats
Victory
Defeat
🇦🇹 Italians · Austria
764
+12
🇮🇹 Celts · Italy
650
+17
🇺🇸 Bohemians · United States
703
-16
🇩🇪 Saracens · Germany
659
-14
persephone9
0:40 Loom
14:44 Feudal Age
15:11 Town Watch
24:46 Castle Age
23:28 Horse Collar
23:40 Double-Bit Axe
23:48 Fletching
27:43 Fervor
33:43 Imperial Age
33:05 Chemistry
37:55 Caravan
40:37 Ballistics
40:28 Fortified Wall
40:13 Murder Holes
40:32 Heavy Plow
40:45 Bow Saw
41:37 Conscription
42:48 Houfnice
44:28 Siege Engineers
44:32 Bodkin Arrow
45:44 Town Patrol
46:48 Two-Man Saw
54:42 Pikeman
54:54 Elite Hussite Wagon
55:38 Bracer
55:38 Padded Archer Armor
55:44 Scale Barding Armor
55:39 Scale Mail Armor
57:23 Cavalier
61:24 Leather Archer Armor
61:54 Wheelbarrow
73:34 Halberdier
75:26 Chain Mail Armor
Fredl_5.8
0:46 Loom
13:49 Feudal Age
14:25 Double-Bit Axe
21:28 Castle Age
22:33 Bow Saw
24:32 Forging
29:34 Caravan
35:30 Imperial Age
34:37 Fletching
35:27 Treadmill Crane
36:35 Conscription
37:25 Chemistry
36:45 Husbandry
36:56 Bloodlines
41:36 Elite Mameluke
44:31 Two-Man Saw
44:30 Horse Collar
46:13 Fortified Wall
46:13 Scale Barding Armor
48:37 Hoardings
49:54 Ballistics
49:58 Chain Barding Armor
50:14 Iron Casting
55:37 Onager
72:07 Heavy Camel Rider
80:30 Elite Skirmisher
81:19 Thumb Ring
81:42 Bodkin Arrow
81:49 Padded Archer Armor
81:49 Scale Mail Armor
Vienna420
0:31 Loom
15:06 Feudal Age
18:48 Wheelbarrow
20:54 Castle Age
18:41 Town Watch
25:48 Stone Mining
25:50 Double-Bit Axe
27:33 Stone Shaft Mining
26:50 Horse Collar
27:10 Gold Mining
29:32 Husbandry
32:40 Heavy Plow
33:43 Arson
33:59 Squires
38:21 Imperial Age
36:14 Hand Cart
39:34 Conscription
38:35 Elite Genoese Crossbowman
43:30 Bow Saw
43:38 Scale Barding Armor
43:34 Scale Mail Armor
43:45 Forging
43:36 Padded Archer Armor
43:27 Fletching
45:20 Chain Mail Armor
45:32 Chain Barding Armor
46:35 Iron Casting
48:44 Cavalier
50:06 Plate Barding Armor
50:02 Plate Mail Armor
49:48 Leather Archer Armor
49:28 Bodkin Arrow
50:34 Blast Furnace
49:58 Leather Archer Armor
49:38 Bodkin Arrow
50:44 Blast Furnace
49:57 Caravan
50:28 Coinage
50:08 Guilds
58:26 Bracer
61:23 Town Patrol
62:58 Chemistry
62:19 Ballistics
62:10 Masonry
61:41 Treadmill Crane
62:12 Fortified Wall
61:52 Heated Shot
61:49 Arrowslits
66:21 Ring Archer Armor
66:32 Silk Road
66:24 Pirotechnia
66:50 Hoardings
70:35 Two-Man Saw
71:15 Architecture
72:15 Banking
75:59 Murder Holes
82:06 Crop Rotation
SirPresident765
0:40 Loom
18:46 Feudal Age
19:41 Double-Bit Axe
19:39 Horse Collar
21:21 Town Watch
23:56 Wheelbarrow
31:24 Castle Age
29:43 Forging
30:49 Scale Mail Armor
30:40 Fletching
30:55 Padded Archer Armor
31:05 Stone Mining
31:19 Gold Mining
32:33 Bow Saw
32:27 Heavy Plow
33:31 Stone Shaft Mining
33:51 Gold Shaft Mining
34:41 Hand Cart
38:01 Fortified Wall
38:11 Masonry
40:53 Imperial Age
38:25 Town Patrol
38:28 Husbandry
37:52 Elite Skirmisher
42:32 Caravan
43:03 Pikeman
43:29 Arson
44:02 Scale Barding Armor
44:50 Bodkin Arrow
45:31 Iron Casting
44:51 Onager
45:31 Cavalier
46:31 Murder Holes
47:49 Chemistry
47:10 Ballistics
49:59 Halberdier
53:25 Siege Onager
55:27 Blast Furnace
54:43 Chain Mail Armor
54:49 Chain Barding Armor
54:45 Leather Archer Armor
57:31 Furor Celtica
60:11 Conscription
60:28 Hoardings
63:53 Arrowslits
64:14 Siege Engineers
70:08 Elite Woad Raider
73:28 Plate Mail Armor
Connection lost

Rejoining the realm…

Still unreachable

The connection could not be restored.

Session expired

The server has moved on; the page needs a fresh start.